 Dungeon Crawl Stone Soup version 0.26-a0-1205-g4083c211ab (webtiles) character file.

Game seed: 15280621148793872926

31 Goblin1989 the Sneak (level 3, -3/29 HPs)
             Began as a Demonspawn Delver on Dec 30, 2020.
             Slain by a mummy (6 damage)
             ... in an ossuary.
             The game lasted 00:02:04 (330 turns).

Goblin1989 the Sneak (Demonspawn Delver)             Turns: 330, Time: 00:02:05

Health: -3/29      AC:  5    Str: 12    XL:     3   Next: 7%
Magic:  3/3        EV: 12    Int: 11    God:
Gold:   14         SH:  0    Dex: 15    Spells: 2/2 levels left

rFire    . . .     SeeInvis .   a - +0 short sword
rCold    . . .     Faith    .   (no shield)
rNeg     . . .     Spirit   .   b - +0 leather armour
rPois    .         Reflect  .   (no helmet)
rElec    .         Harm     .   (no cloak)
rCorr    .         Rampage  .   (no gloves)
Will     .....                  (no boots)
Stlth    +++.......             (no amulet)
HPRegen  0.09/turn              (no ring)
MPRegen  0.08/turn              (no ring)

@: marked
A: iridescent scales 1
a: no special abilities


You were in an ossuary.
You visited 1 branch of the dungeon, and saw 1 of its levels.
You also visited: Ossuary.

You collected 14 gold pieces.

Inventory:

Hand Weapons
 a - a +0 short sword (weapon)
Missiles
 Z - a throwing net {!d , @Q1}
Armour
 b - a +0 leather armour (worn)
Wands
 g - a wand of digging (3) {@v1}
Scrolls
 c - a scroll of fog
 e - a scroll of fear
 M - a scroll of magic mapping
Potions
 f - a potion of haste {@q3,}


   Skills:
 - Level 3.0 Fighting
 - Level 1.7 Short Blades
 - Level 1.7 Dodging
 + Level 5.5 Stealth


You had 2 spell levels left.
You didn't know any spells.
Your spell library was empty.

Dungeon Overview and Level Annotations

Branches:
Dungeon (5/15)            Ossuary (1/1)
 Temple: D:4-7

Altars:


Innate Abilities, Weirdness & Mutations

You are partially covered in iridescent scales. (AC +2)


Message History

A gnoll comes into view. It is wielding a +2 halberd of venom.
A gnoll comes into view. It is wielding a +0 club.
A gnoll comes into view. It is wielding a +0 spear.
The gnoll shouts! x2; You hear a shout!
A gnoll comes into view. It is wielding a -3 whip.
The gnoll completely misses you.
Found a sand-covered staircase.
Found 26 stones.
The gnoll throws a stone.
The stone barely misses you.
The gnoll throws a stone.
The stone hits you.
Found 28 stones.
There is an empty arch of ancient stone here.
You see here a stone.
You take 3 damage, and have 26/29 hp.
The gnoll throws a stone.
The stone hits you.
You see here a stone.
You take 3 damage, and have 23/29 hp.
There is a sand-covered staircase here.
The world spins around you as you enter the gateway.
You enter an ossuary!
Found a gate leading back out of this place.
There is an empty arch of ancient stone here.
You start resting.
HP restored.
Health restored: 29 You open the door.
There is an open door here.
You open the door.
There is an open door here.
A mummy comes into view.
Found three items.
A mummy is nearby!
Really walk onto that alarm trap?
You set off the alarm!
The alarm trap emits a blaring wail!
A sentinel's mark forms upon you.
Unknown command.
You hit the mummy but do no damage. The mummy barely misses you.
You hit the mummy but do no damage. You hit the mummy but do no damage.
The mummy hits you but does no damage.
You hit the mummy but do no damage. You barely miss the mummy.
The mummy closely misses you.
You barely miss the mummy. The mummy hits you!
You take 8 damage, and have 21/29 hp.
MASSIVE DAMAGE!!
You completely miss the mummy. You completely miss the mummy.
The mummy completely misses you.
You hit the mummy.
The mummy is lightly damaged.
You hit the mummy.
The mummy is moderately damaged.
The mummy hits you!
* * * LOW HITPOINT WARNING * * *
You are too injured to fight recklessly!
You take 13 damage, and have 9/29 hp.
MASSIVE DAMAGE!!
You are too injured to fight recklessly!
You are too injured to fight recklessly!
You are too injured to fight recklessly!
You are too injured to fight recklessly!
You are too injured to fight recklessly!
You are too injured to fight recklessly!
You are too injured to fight recklessly!
You are too injured to fight recklessly!
You are too injured to fight recklessly!
You barely miss the mummy.
The mummy is moderately damaged.
The mummy hits you!
* * * LOW HITPOINT WARNING * * *
You take 7 damage, and have 2/29 hp.
MASSIVE DAMAGE!!
You hit the mummy.
The mummy is heavily damaged.
You hit the mummy but do no damage.
The mummy is heavily damaged.
The mummy barely misses you.
You hit the mummy.
The mummy is heavily damaged.
You hit the mummy.
The mummy is heavily damaged.
The mummy misses you.
You hit the mummy.
The mummy is severely damaged.
The mummy barely misses you.
You barely miss the mummy.
The mummy is severely damaged.
You hit the mummy.
The mummy is severely damaged.
The mummy barely misses you.
You hit the mummy but do no damage.
The mummy is severely damaged.
You hit the mummy.
The mummy is almost destroyed.
The mummy hits you but does no damage.
You hit the mummy.
The mummy is almost destroyed.
The mummy barely misses you.
You barely miss the mummy.
The mummy is almost destroyed.
You hit the mummy but do no damage.
The mummy is almost destroyed.
The mummy hits you.
You die... █████ █.??█ .?. █M█ ███▲███

█@█ ██.....██
██.▲
██.......███..█
█.........█...▲
▲....Ψ....∆...█
█.........█...▲
█.......███..█
██.....██ ██.▲
███∆███ █.█


You could see a mummy.

Vanquished Creatures
  A jelly (D:5)
1 creature vanquished.

Notes
Turn   | Place    | Note
-------+----------+-------------------------------------------
     0 | D:5      | Goblin1989 the Demonspawn Delver began the quest for the
                  | Orb.
     0 | D:5      | Reached XP level 1. HP: 18/18 MP: 1/1
    39 | D:5      | Noticed a jelly
    44 | D:5      | Killed a jelly
    45 | D:5      | Reached skill level 5 in Stealth
    45 | D:5      | Gained mutation: You are partially covered in iridescent
                  | scales. (AC +2) [demonic ancestry]
    45 | D:5      | Reached XP level 2. HP: 12/24 MP: 2/2
    45 | D:5      | Reached XP level 3. HP: 15/29 MP: 3/3
   224 | D:5      | Found a sand-covered staircase.
   233 | Ossuary  | Entered an ossuary
   330 | Ossuary  | Slain by a mummy

Illustrated notes

Levels and vault maps discovered:
D:5:      cheibrodos_barr_body, layout_rooms, general_overflow_altar,
          minmay_temple_entry_glass, chequers_ossuary_entry_cave, uniq_menkaure
Ossuary:  ossuary_crypta

Skill      XL: |  1 |
---------------+----+-----
Stealth        | 5 |  5.5
Fighting       | |  3.0
Short Blades   | |  1.7
Dodging        | |  1.7

Action                   || total
-------------------------++-------
Melee: Short sword       ||    27
 Stab: Sleeping          ||     1
Armor: Leather armour    ||     3
Dodge: Dodged            ||    12

Table legend: (Time is in decaauts)
 A = Elapsed time spent in this place.
 B = Non-inter-level travel time spent in this place.
 C = Inter-level travel time spent in this place.
 D = Time resting spent in this place.
 E = Time spent auto-exploring this place.
 F = Levels seen in this place.
 G = Mean time per level.
                   A        B        C        D        E       F      G
               +--------+--------+--------+--------+--------+-----+--------+
         Total |    329 |    329 |      0 |    209 |     11 |   2 |  164.5 |
       Dungeon |    233 |    233 |      0 |    149 |      0 |   1 |  233.0 |
       Ossuary |     96 |     96 |      0 |     60 |     11 |   1 |   96.0 |
               +--------+--------+--------+--------+--------+-----+--------+

Top non-repeatable levels by time:
     D:5: 233 daAuts
 Ossuary: 96 daAuts
